 Dungeon Crawl Stone Soup version 0.22.1-1-ga44c0e56f4 (webtiles) character file.

35 JOKERXD40 the Magician (level 3, -5/21 HPs)
             Began as an Octopode Wizard on Nov 11, 2018.
             Slain by Terence
             ... wielding a +0 flail
              (12 damage)
             ... on level 2 of the Dungeon.
             The game lasted 00:06:02 (1435 turns).

JOKERXD40 the Magician (Octopode Wizard)            Turns: 1435, Time: 00:06:03

Health: -5/21      AC:  1    Str:  6    XL:     3   Next: 33%
Magic:  1/8        EV: 13    Int: 21    God:
Gold:   110        SH:  0    Dex: 10    Spells: 4/9 levels left

rFire    . . .     SeeInvis .   e - +0 dagger
rCold    . . .     Gourm    .   (no shield)
rNeg     . . .     Faith    .   a - +0 hat
rPois    .         Spirit   .   (no amulet)
rElec    .         Reflect  .   (no ring)
rCorr    .         Harm     .   (no ring)
MR       .....                  (no ring)
Stlth    +++.......             (no ring)
HPRegen  0.07/turn              (no ring)
MPRegen  0.11/turn              (no ring)
                                (no ring)
                                (no ring)

@: very slightly contaminated
A: almost no armour, stealthy swim, amphibious, 8 rings, constrict 8, camouflage
1, gelatinous body 1
a: no special abilities


You were on level 2 of the Dungeon.
You were not hungry.

You visited 1 branch of the dungeon, and saw 2 of its levels.

You collected 110 gold pieces.

Inventory:

Hand Weapons
 e - a +0 dagger (weapon)
Armour
 a - a +0 hat (worn)
Scrolls
 b - 2 scrolls of identify {unknown}
 d - a scroll of teleportation {unknown}
 f - a scroll of remove curse {unknown}
Potions
 g - 2 potions of haste {unknown}
Comestibles
 c - a ration


   Skills:
 + Level 2.3 Dodging
 - Level 3.0 Stealth
 + Level 3.8 Spellcasting
 + Level 1.3 Conjurations
 + Level 1.0 Summonings
 + Level 1.0 Translocations


You had 4 spell levels left.
You knew the following spells:

 Your Spells              Type           Power        Failure   Level  Hunger
a - Magic Dart            Conj           #...         7%          1    None
b - Blink                 Tloc           N/A          12%         2    ##.....
c - Call Imp              Summ           #.......     12%         2    ##.....

Your spell library contained the following spells:

 Spells                   Type           Power        Failure   Level  Hunger
 Slow                     Hex            #.......     19%         2    ##.....
 Conjure Flame            Conj/Fire      #.......     28%         3    ###....
 Mephitic Cloud           Conj/Pois/Air  #.......     30%         3    ###....


Dungeon Overview and Level Annotations

Branches:
Dungeon (2/15)

Altars:
Ru

Annotations:
D:2 Terence


Innate Abilities, Weirdness & Mutations

You cannot wear most types of armour.
You are very stealthy in the water. (Stealth+)
You are amphibious.
You can wear up to eight rings at the same time.
You can use your tentacles to constrict eight enemies at once.
Your skin changes colour to match your surroundings (Stealth+).
Your rubbery body absorbs attacks. (AC +1, EV +1)


Message History

Orders for allies: a - Attack new target. p - Attack previous target. r - Retreat! s - Stop attacking. g - Guard the area. f - Follow me.
Anything else - Cancel.
Gang up on whom?
Press: ? - help, Dir - move target cursor, f/p - Terence
Aim: Terence, wielding a flail and wearing a ring mail Attack!
Your crimson imp blinks!
Your crimson imp blinks!
Your crimson imp hits Terence but does no damage.
Your crimson imp disappears in a puff of smoke!
Your crimson imp blinks!
You eat one of the 2 rations.
That ration really hit the spot!
Terence hits you with a flail!
You closely miss Terence. You grab Terence.
You constrict Terence, but do no damage.
Terence hits you with a flail!
Ouch! That really hurt!
You die...

#...####.#..# #.# #...#
#.#### #.###### #...#
#.####.#.#....## #...#
#......#........
#...#############....##
###....................
#....................
#....................
#...@@...............
#....................
#....5...............
#....................
#....................
#......##########....
######## #.... #....
#####


You could see Terence and a friendly crimson imp.

Vanquished Creatures
  2 worms (D:2)
  A dart slug (D:1)
  3 leopard geckos (D:2)
  3 giant cockroaches (D:1)
  A goblin (D:2)
  3 hobgoblins (D:2)
  A ball python (D:1)
  4 bats
  2 frilled lizards
  A jackal skeleton (D:2)
  2 kobolds (D:1)
  2 rats
25 creatures vanquished.

Notes
Turn   | Place    | Note
-------+----------+-------------------------------------------
     0 | D:1      | JOKERXD40 the Octopode Wizard began the quest for the Orb.
     0 | D:1      | Reached XP level 1. HP: 11/11 MP: 4/4
   338 | D:1      | Reached XP level 2. HP: 7/17 MP: 1/6
   754 | D:2      | Found a sacrificial altar of Ru.
   892 | D:2      | Reached XP level 3. HP: 13/21 MP: 1/8
  1391 | D:2      | Noticed Terence
  1399 | D:2      | Learned a level 2 spell: Blink
  1406 | D:2      | Learned a level 2 spell: Call Imp
  1435 | D:2      | Slain by Terence

Skill      XL: |  1 |
---------------+----+-----
Stealth        | 3 |  3.0
Dodging        | |  2.3
Spellcasting   | |  3.8
Conjurations   | |  1.3
Summonings     | |  1.0
Translocations | |  1.0

Action                   || total
-------------------------++-------
Melee: Unarmed           ||    15
       Constrict         ||    10
       Tentacles         ||     6
       Dagger            ||    16
 Cast: Magic Dart        ||    65
       Blink             ||     2
       Call Imp          ||     2
  Eat: Ration            ||     1
Armor: Skin              ||     3
Dodge: Dodged            ||    27
